Map: Pillars of Gold LE

Players

MarcoMan

  • Race: Protoss Protoss
  • League: Master
  • Spawn Location: 7:00

VSC - Winner!

  • Race: Protoss Protoss
  • League: Diamond
  • Spawn Location: 1:00

VOD

Have the link to the VOD?

Description

Time

  • Played on: Jan. 15, 2021, 12:27 a.m.
  • Length: 4:02
Show
View Real Time Build Order
Export as new Build Order

MarcoMan Protoss 

Build Orders:  

Get SALT Encoding   

  12  0:02  Probe  
  13  0:14  Probe  
  13  0:20  Pylon  
  14  0:26  Probe  
  15  0:38  Probe  
  15  0:40  Forge  
  16  1:05  Pylon  
  16  1:15  Probe  
  17  1:25  Pylon, Photon Cannon  
  17  1:34  Gateway  
  17  1:43  Assimilator  
  17  1:48  Assimilator  
  17  1:52  Photon Cannon  
  17  2:03  Probe (Chrono Boost)  
  18  2:15  Probe (Chrono Boost)  
  20  2:23  Probe (Chrono Boost)  
  20  2:29  Cybernetics Core, Probe  
  21  2:41  Probe  
  22  2:51  Pylon  
  22  2:53  Probe  
  23  3:05  Probe  
  24  3:10  Stargate  
  24  3:11  Shield Battery  
  24  3:13  Adept (Chrono Boost)  
  25  3:30  Shield Battery  
  25  3:34  Pylon  
Show
View Real Time Build Order
Export as new Build Order

VSC Protoss - Winner!

Build Orders:  

Get SALT Encoding   

  12  0:00  Probe  
  13  0:12  Probe  
  14  0:18  Pylon  
  14  0:24  Probe (Chrono Boost)  
  15  0:36  Probe (Chrono Boost)  
  15  0:40  Gateway  
  16  0:44  Probe (Chrono Boost)  
  17  0:50  Assimilator  
  17  0:52  Probe  
  18  1:06  Forge  
  18  1:11  Probe  
  19  1:25  Zealot (Chrono Boost)  
  22  1:38  Assimilator  
  21  1:40  Pylon  
  21  1:42  Photon Cannon  
  21  1:50  Probe  
  20  2:02  Cybernetics Core, Probe  
  21  2:14  Probe  
  22  2:22  Pylon  
  22  2:31  Pylon  
  22  2:41  Stargate  
  22  2:46  Gateway  
  22  3:03  Shield Battery  
  22  3:16  Void Ray (Chrono Boost)  
  26  3:32  Probe  
  29  3:44  Probe  
  30  3:51  Pylon  
Tags
 
Matchup
PvP
Replay Pack
Weekend
Spawn Locations
Cross Positions
Add a new tag
Caveats
  • Supply blocks, unpowered buildings, or Contaminate may cause inaccurate times.
  • Supply counts are checked every 10 seconds.